 Dungeon Crawl Stone Soup version 0.30-b1-2-g02819fbbbe (webtiles) character file.

Game seed: 13814979302439531948

66 LLlMATKO the Chopper (level 3, -2/33 HPs)
             Began as a Minotaur Berserker on Oct 15, 2023.
             Was a Believer of Trog.
             Slain by an orc
             ... wielding a +0 short sword
              (3 damage)
             ... on level 3 of the Dungeon.
             The game lasted 00:01:52 (1344 turns).

LLlMATKO the Chopper (Minotaur Berserker)           Turns: 1344, Time: 00:01:52

Health: -2/33      AC:  6    Str: 23    XL:     3   Next: 96%
Magic:  2/2        EV: 10    Int:  4    God:    Trog [**....]
Gold:   114        SH:  0    Dex:  9    Spells: 2/2 levels left

rFire   . . .        w - +0 hand axe
rCold   . . .        (no shield)
rNeg    . . .        p - +0 scale mail
rPois   .            (helmet restricted)
rElec   .            (no cloak)
rCorr   .            (no gloves)
SInv    .            (no boots)
Will    .....        (no amulet) Stlth
                     (no ring)
HPRegen 0.25/turn    (no ring)
MPRegen 0.08/turn

%: no passive effects
@: no status effects
A: horns 2, retaliatory headbutt
a: Renounce Religion, Berserk, Trog's Hand


You were on level 3 of the Dungeon.
You worshipped Trog.
Trog was pleased with you.
You visited 1 branch of the dungeon, and saw 3 of its levels.

You collected 114 gold pieces.

Inventory:

Hand Weapons
 q - the +7 sling of Lies {heavy, rF++ Stlth-}
   (You found it on level 2 of the Dungeon)

   rF:        It greatly protects you from fire.
   Stlth:     It makes you less stealthy.
 w - a +0 hand axe (weapon)
Missiles
 c - 6 atropa-tipped darts (quivered)
 o - 12 poisoned darts
Armour
 p - a +0 scale mail (worn)
Wands
 t - a wand of flame (10)
Scrolls
 d - a scroll of poison {unknown}
 h - a scroll of vulnerability {unknown}
 i - a scroll of blinking {unknown}
 k - a scroll of enchant armour {unknown}
 l - a scroll of magic mapping {unknown}
 n - 2 scrolls of amnesia {unknown}
 r - 2 scrolls of identify {unknown}
Potions
 a - a potion of heal wounds {unknown}
 b - a potion of invisibility {unknown}
 e - 2 potions of haste {unknown}
 f - 2 potions of lignification {unknown}
 g - a potion of brilliance {unknown}
 j - a potion of cancellation {unknown}
 m - a potion of curing {unknown}
 s - a potion of ambrosia {unknown}


   Skills:
 + Level 4.2 Fighting
 + Level 4.3 Axes
 + Level 0.1 Ranged Weapons
 + Level 3.3 Armour
 + Level 3.0 Dodging


You had 2 spell levels left.
You didn't know any spells.
Your spell library was empty.

Dungeon Overview and Level Annotations

Branches:
Dungeon (3/15)

Altars:

Shops:
D:1 :


Innate Abilities, Weirdness & Mutations

You have a pair of horns on your head.
You reflexively headbutt those who attack you in melee.


Message History

The orc barely misses you.
Unknown command.
Unknown command.
You hit the orc but do no damage. You headbutt the orc.
The orc is almost dead.
The orc hits you with a +0 whip.
An endoplasm comes into view.
The orc hits you but does no damage.
You hit the orc.
You kill the orc!
Trog accepts your kill.
Unknown command.
You barely miss the orc.
A hobgoblin comes into view.
The orc closely misses you.
Unknown command.
The hobgoblin shouts!
You hit the orc.
The orc is heavily wounded.
You closely miss the orc. The orc hits you with a +0 short sword.
Unknown command.
You are too injured to fight recklessly!
Unknown command.
You are too injured to fight recklessly!
You are too injured to fight recklessly!
Unknown command.
You fail to use your ability.
The orc closely misses you. You furiously retaliate!
You headbutt the orc.
You hit the orc wizard but do no damage.
You closely miss the orc. The orc closely misses you.
The orc wizard hits you with the +11 scimitar of Ash {flame, Contam Will++ Int+4 Dex+2}!
The orc wizard burns you.
Unknown command.
You miss the orc wizard. You hit the orc but do no damage.
The orc wizard hits you with the +11 scimitar of Ash {flame, Contam Will++ Int+4 Dex+2}!
* * * LOW HITPOINT WARNING * * *
The orc wizard burns you.
* * * LOW HITPOINT WARNING * * *
The orc hits you with a +0 short sword.
You die...

♣..#........#
..♣#....)...#
.♣##........#
#.........#
##.[.......#
#..........#
###.##########
###...#
#o@.###
.....Jo###
......o
.......
...g...
.......
.......
.......


You could see an orc wizard, 2 orcs, an endoplasm and a hobgoblin.

Vanquished Creatures
  An adder (D:2)
  2 dart slugs (D:1)
  2 orcs (D:3)
  6 endoplasms
  4 giant cockroaches
  3 goblins
  3 hobgoblins (D:1)
  3 jackals (D:2)
  5 quokkas
  4 ball pythons
  A bat (D:2)
  3 frilled lizards
  5 kobolds
  3 rats
45 creatures vanquished.

Notes
Turn   | Place    | Note
-------+----------+-------------------------------------------
     0 | D:1      | LLlMATKO the Minotaur Berserker began the quest for the
                  | Orb.
     0 | D:1      | Reached XP level 1. HP: 19/19 MP: 0/0
   145 | D:1      | Found Enoqeor's Book Shoppe.
   155 | D:1      | Reached XP level 2. HP: 26/27 MP: 1/1
   558 | D:1      | Reached XP level 3. HP: 29/33 MP: 2/2
  1052 | D:2      | Reached ** piety under Trog
  1200 | D:2      | Identified the +7 sling of Lies {heavy, rF++ Stlth-}
  1287 | D:2      | You fall into a shaft and drop 1 floor!
  1335 | D:3      | Identified the +11 scimitar of Ash {flame, Contam Will++
                  | Int+4 Dex+2}
  1344 | D:3      | HP: 1/33 [orc wizard/the +11 scimitar of Ash {flame, Contam
                  | Will++ Int+4 Dex+2} (1)]
  1344 | D:3      | Slain by an orc

Illustrated notes

Levels and vault maps discovered:
D:1:      dpeg_arrival_tiny_g, layout_basic, serial_shops,
          nicolae_shop_advertising_works [nicolae_subvault_shop_adworks]
D:2:      layout_rooms, serial_glass, glass_columns_c, glass_columns_b,
          item_on_display_a, minmay_strange_pillars
D:3:      layout_basic, kennysheep_ying_yang,
          mainiacjoe_overflow_small_starburst, minmay_fractal_squares_diagonal_5

Skill      XL: |  1  2  3 |
---------------+----------+-----
Axes           | 4 |  4.3
Fighting       | 4 |  4.2
Armour         | 3 |  3.3
Dodging        | 3 |  3.0
Ranged Weapons | |  0.1

Action                     || total
---------------------------++-------
  Melee: Hand axe          ||    92
         Headbutt          ||    10
         Punch             ||     1
   Fire: Sling             ||    13
   Stab: Sleeping          ||     1
 Armour: Animal skin       ||     8
         Ring mail         ||    11
         Scale mail        ||     6
  Dodge: Dodged            ||    51
